 Dungeon Crawl Stone Soup version 0.20-a0-795-ga03948b (webtiles) character file.

16919 mvp the Grappler (level 12, -1/93 HPs)
             Began as a Demonspawn Berserker on Mar 1, 2017.
             Was a High Priest of Trog.
             Slain by a crocodile (13 damage)
             ... on level 2 of the Lair of Beasts.
             The game lasted 00:31:46 (12650 turns).

mvp the Grappler (Demonspawn Berserker)            Turns: 12650, Time: 00:31:47

Health: -1/93      AC: 11    Str: 24    XL:     12   Next: 14%
Magic:  13/13      EV: 17    Int:  9    God:    Trog [*****.]
Gold:   347        SH:  6    Dex: 21    Spells: 11/11 levels left

rFire    . . .     SeeInvis .     - Unarmed
rCold    . . .     Gourm    .   r - +1 swamp dragon scales
rNeg     + . .     Faith    .   u - +0 buckler
rPois    +         Spirit   .   C - +0 hat {MR+}
rElec    .         Reflect  .   W - +0 cloak (curse)
rCorr    .         Harm     .   (no gloves)
MR       +++..                  (no boots)
Stlth    ++........             (no amulet)
Regen    1.3/turn               U - ring of positive energy
MPRegen  0.2/turn               A - +6 ring of slaying

@: mighty, agile, exhausted, very slightly contaminated, regenerating, hasted
and slowed
A: claws 2, hooves 2, horns 1, powered by pain 2
a: Berserk, Trog's Hand, Brothers in Arms, Burn Spellbooks, Renounce Religion


You were on level 2 of the Lair of Beasts.
You worshipped Trog.
Trog was extremely pleased with you.
You were not hungry.

You visited 2 branches of the dungeon, and saw 12 of its levels.
You also visited: Labyrinth.

You collected 522 gold pieces.
You spent 175 gold pieces at shops.

Inventory:

Armour
 h - the +4 ring mail "Ininikiett" {*Slow rElec rPois rC+}
   (You found it in a labyrinth)

   It protects you from cold.
   It insulates you from electricity.
   It protects you from poison.
   It may slow you when you take damage.
 l - a +2 plate armour of fire resistance
 m - a +2 cloak
 r - +1 swamp dragon scales (worn)
 u - a +0 buckler (worn)
 w - the +1 leather armour "Face" {rF+ rN+ rCorr Slay-4}
   (You found it on level 4 of the Dungeon)

   It affects your accuracy and damage with ranged weapons and melee attacks
   (-4).
   It protects you from fire.
   It protects you from negative energy.
   It protects you from acid and corrosion.
 C - a +0 hat of magic resistance (worn)
 W - a cursed +0 cloak (worn)
Jewellery
 j - an uncursed ring of ice
 A - a +6 ring of slaying (left claw)
 O - an uncursed ring of see invisible
 R - an uncursed ring of fire
 S - a +3 ring of dexterity
 U - a ring of positive energy (right claw)
Wands
 a - a wand of acid (10/15)
 b - a wand of iceblast (10/15)
 e - a wand of lightning (6/15)
 B - a wand of disintegration (16/24)
 E - a wand of iceblast (6/15)
 G - a wand of iceblast (10/15)
 I - a wand of digging (7/24)
 M - a wand of flame (41/48)
 Q - a wand of iceblast (5/15)
 Y - a wand of confusion (21/48)
 Z - a wand of confusion (25/48)
Scrolls
 g - 5 scrolls of identify
 k - a scroll of magic mapping
 y - a scroll of teleportation
 F - 4 scrolls of recharging
Potions
 d - a potion of magic
 f - 2 potions of haste
 n - 3 potions of lignification
 q - 2 potions of might
 s - 2 potions of agility
 H - a potion of mutation {unknown}
 J - a potion of flight {unknown}
 L - 2 potions of curing
 V - a potion of ambrosia {unknown}
 X - a potion of berserk rage
Books
 o - a book of Flames

   Spells                             Type                      Level
   a - Flame Tongue                   Conjuration/Fire             1
   b - Throw Flame                    Conjuration/Fire             2
   c - Conjure Flame                  Conjuration/Fire             3
   d - Inner Flame                    Hexes/Fire                   3
   e - Sticky Flame                   Conjuration/Fire             4
   f - Fireball                       Conjuration/Fire             5
   Trog disapproves of the use of such an item.
 T - a book of Conjurations

   Spells                             Type                      Level
   a - Magic Dart                     Conjuration                  1
   b - Searing Ray                    Conjuration                  2
   c - Dazzling Spray                 Conjuration/Hexes            3
   d - Fulminant Prism                Conjuration/Hexes            4
   e - Force Lance                    Conjuration/Translocation    4
   f - Iskenderun's Mystic Blast      Conjuration                  4
   Trog disapproves of the use of such an item.
Comestibles
 c - 2 bread rations
 t - 37 fruits
 N - 15 royal jellies


   Skills:
 - Level 8.2 Fighting
   Level 3.3 Axes
 - Level 5.4 Throwing
 - Level 6.4 Armour
 - Level 1.7 Dodging
 - Level 5.0 Shields
 * Level 13.1 Unarmed Combat
 + Level 2.3 Evocations


You had 11 spell levels left.
You didn't know any spells.

Dungeon Overview and Level Annotations

Branches:
Dungeon (10/15)            Temple (0/1) D:4            Lair (2/6) D:8
    Orc (0/2) D:10
  Swamp: Lair:2-4    Shoals: Lair:2-4     Snake: Lair:2-4    Spider: Lair:2-4

Altars:
Ashenzari
Hepliaklqana
Sif Muna
Xom
Yredelemnul
Zin
The Shining One

Shops:
D:4 *

Annotations:
Lair:1 Modermodemet's ghost, journeyman DsWn


Innate Abilities, Weirdness & Mutations

You have very sharp fingernails.
You have hoof-like feet.
You have a pair of small horns on your head.
You sometimes gain power by taking damage.


Message History

Unknown command.
Okay, then.
You feel yourself speed up. The wolf bites you but does no damage.
You block the wolf's attack. The wolf misses you. You block the wolf's attack.
The wolf closely misses you.
You are very lightly contaminated with residual magic.
Okay, then.
Okay, then.
Unknown command.
You claw the wolf! You kick the wolf!
You kill the wolf!
Trog accepts your kill.
You mangle the wolf!!
You kill the wolf!
Trog accepts your kill.
Your skin crawls.
You feel resistant to hostile enchantments.
You feel somewhat more hungry. The crocodile bites you!
You die...

.####.....# ...
..........#P...
#............
#.(.<.....P#
##.#t#.#####
#..## # # #.##
#.#t.# #.@##
........#
..#.....#
...#....# ..
#....P . .....#
#.....# .#....#


You could see a crocodile.

Vanquished Creatures
  Gastronok (Lair:1)
  A minotaur (Lab)
  A two-headed ogre (D:9)
  Erica (D:9)
  The ghost of retryentry the Thaumaturge, a novice OpWz (D:8)
  2 unseen horrors (D:10)
  A manticore (D:10)
  The ghost of Yehuk the Changer, a novice TrTm (D:5)
  A black mamba (Lair:1)
  A gargoyle (D:10)
  A rime drake (Lair:1)
  A troll (D:8)
  A queen bee (D:9)
  A blink frog (Lair:1)
  6 hippogriffs
  A vampire (D:7)
  3 hungry ghosts
  5 yaks (D:9)
  Menkaure (D:5)
  Edmund (D:5)
  A porcupine (Lair:1)
  4 orc warriors
  Duvessa (D:5)
  4 ice beasts
  2 sky beasts
  4 ogres
  9 wolves
  2 centaurs
  A crocodile (Lair:1)
  4 big kobolds
  5 bullfrogs
  Dowan (D:5)
  A wyvern zombie (D:9)
  A wyvern skeleton (D:8)
  2 scorpions
  28 killer bees (D:9)
  4 wights (D:9)
  A howler monkey (D:8)
  4 electric eels (D:8)
  A jelly (D:9)
  2 centaur zombies
  5 crimson imps
  A quasit (D:10)
  5 hounds
  Crazy Yiuf (D:2)
  7 orc priests
  A bullfrog skeleton (D:10)
  A gnoll shaman (D:6)
  2 centaur skeletons
  Natasha (thrice) (D:3 D:4)
  3 iguanas
  15 orc wizards
  5 worker ants
  A hound zombie (D:8)
  A hound skeleton (D:6)
  A howler monkey zombie (D:5)
  5 gnolls (D:6)
  12 adders
  A shadow imp (D:7)
  An adder zombie (D:9)
  2 adder skeletons
  A worm (D:4)
  2 dart slugs
  5 leopard geckos
  50 orcs
  5 giant cockroaches
  7 hobgoblins
  8 jackals
  20 kobolds
  5 quokkas
  A ball python (D:2)
  3 bats (D:1)
  2 frilled lizards (D:1)
  6 goblins
  4 rats
306 creatures vanquished.

Vanquished Creatures (others)
  A worker ant (D:9)
  A fungus (Lair:1)
2 creatures vanquished.

Grand Total: 308 creatures vanquished

Notes
Turn   | Place    | Note
-------+----------+-------------------------------------------
     0 | D:1      | mvp the Demonspawn Berserker began the quest for the Orb.
     0 | D:1      | Reached XP level 1. HP: 18/18 MP: 1/1
   615 | D:1      | Gained mutation: You sometimes gain a little power by taking damage. [demonic ancestry]
   615 | D:1      | Reached XP level 2. HP: 22/24 MP: 2/2
   831 | D:1      | Found a shimmering altar of Xom.
  1432 | D:2      | Found a runed door.
  1513 | D:2      | Found a hazy altar of Hepliaklqana.
  1586 | D:2      | Reached XP level 3. HP: 20/29 MP: 3/3
  2112 | D:2      | Noticed Crazy Yiuf
  2115 | D:2      | Paralysed by Crazy Yiuf for 2 turns
  2121 | D:2      | Killed Crazy Yiuf
  2121 | D:2      | Gained mutation: You have sharp fingernails. [demonic ancestry]
  2121 | D:2      | Reached XP level 4. HP: 25/37 MP: 4/4
  2411 | D:3      | Reached ** piety under Trog
  2439 | D:3      | Reached skill level 1 in Unarmed Combat
  2542 | D:3      | HP: 1/55 [orc/trident (5)]
  2798 | D:3      | Noticed Natasha
  2805 | D:3      | Killed Natasha
  2805 | D:3      | Reached XP level 5. HP: 42/42 MP: 5/5
  2821 | D:3      | Found a glowing golden altar of the Shining One.
  3088 | D:3      | Found a deep blue altar of Sif Muna.
  3282 | D:4      | Reached skill level 2 in Unarmed Combat
  3300 | D:4      | Noticed Natasha
  3314 | D:4      | Killed Natasha
  3387 | D:4      | Found a deep blue altar of Sif Muna.
  3413 | D:4      | Got a smoking leather armour
  3424 | D:4      | Identified the +1 leather armour "Face" {rF+ rN+ rCorr Slay-4} (You found it on level 4 of the Dungeon)
  3458 | D:4      | Reached skill level 3 in Unarmed Combat
  3463 | D:4      | Gained mutation: You have very sharp fingernails. [demonic ancestry]
  3463 | D:4      | Reached XP level 6. HP: 46/48 MP: 6/6
  3547 | D:4      | Noticed Natasha
  3553 | D:4      | Killed Natasha
  3804 | D:4      | Found a staircase to the Ecumenical Temple.
  3833 | D:4      | Reached skill level 4 in Unarmed Combat
  3897 | D:4      | Reached *** piety under Trog
  4061 | D:4      | Found Ethraj's General Store.
  4387 | D:5      | Entered Level 5 of the Dungeon
  4502 | D:5      | Reached skill level 5 in Unarmed Combat
  4502 | D:5      | Gained mutation: You have large cloven feet. [demonic ancestry]
  4502 | D:5      | Reached XP level 7. HP: 53/53 MP: 7/7
  4667 | D:5      | Noticed Duvessa
  4667 | D:5      | Noticed Dowan
  4685 | D:5      | Killed Duvessa
  4688 | D:5      | Killed Dowan
  4789 | D:5      | Noticed Menkaure
  4802 | D:5      | Killed Menkaure
  4802 | D:5      | Reached skill level 6 in Unarmed Combat
  5068 | D:5      | Noticed Edmund
  5080 | D:5      | Killed Edmund
  5080 | D:5      | Reached skill level 7 in Unarmed Combat
  5080 | D:5      | Reached XP level 8. HP: 60/60 MP: 8/8
  5500 | D:6      | Reached **** piety under Trog
  5541 | D:6      | Reached skill level 8 in Unarmed Combat
  5809 | D:6      | Found Ipeadoji's Antique Weapon Boutique.
  6028 | D:6      | Reached skill level 9 in Unarmed Combat
  6304 | D:7      | Identified a scroll of acquirement
  6491 | D:7      | Reached skill level 1 in Shields
  6492 | D:7      | Gained mutation: You have hoof-like feet. [demonic ancestry]
  6492 | D:7      | Reached XP level 9. HP: 57/65 MP: 9/9
  6590 | D:7      | Got a pair of crude boots
  6596 | D:7      | Identified the cursed -2 pair of boots "Hiomn" {-Tele *Drain SInv Stlth+} (You found it on level 7 of the Dungeon)
  6644 | D:7      | Found a basalt altar of Yredelemnul.
  6922 | D:4      | Bought a scroll of recharging for 133 gold pieces
  6922 | D:4      | Bought a scroll of remove curse for 42 gold pieces
  6961 | D:5      | Noticed Yehuk's ghost (novice TrTm)
  6982 | D:5      | Killed Yehuk's ghost
  6982 | D:5      | Reached skill level 10 in Unarmed Combat
  7689 | D:8      | Noticed retryentry's ghost (novice OpWz)
  7695 | D:8      | Killed retryentry's ghost
  7695 | D:8      | Reached skill level 11 in Unarmed Combat
  7794 | D:8      | Noticed a troll
  7814 | D:8      | Killed a troll
  7814 | D:8      | Gained mutation: You have a pair of small horns on your head. [demonic ancestry]
  7814 | D:8      | Reached XP level 10. HP: 50/72 MP: 10/10
  7820 | D:8      | Reached ***** piety under Trog
  7993 | D:8      | Found a staircase to the Lair.
  8601 | D:8      | Reached skill level 5 in Shields
  8676 | D:8      | Reached skill level 5 in Fighting
  9204 | D:9      | Reached skill level 1 in Throwing
  9682 | D:9      | Found a shattered altar of Ashenzari.
  9695 | D:9      | Received a gift from Trog
  9874 | D:9      | Noticed Erica
  9880 | D:9      | Killed Erica
  9880 | D:9      | Reached skill level 12 in Unarmed Combat
  9987 | D:9      | Reached XP level 11. HP: 74/83 MP: 11/11
 10103 | D:9      | Reached skill level 5 in Armour
 10152 | D:9      | Found a glowing silver altar of Zin.
 10153 | D:9      | Noticed an angel
 10155 | D:9      | Found a shimmering altar of Xom.
 10532 | D:9      | Noticed a two-headed ogre
 10538 | D:9      | Killed a two-headed ogre
 10647 | D:10     | Entered Level 10 of the Dungeon
 10946 | D:10     | Found a staircase to the Orcish Mines.
 10992 | D:10     | Killed an unseen horror
 11216 | D:10     | Killed an unseen horror
 11216 | D:10     | Reached skill level 5 in Throwing
 11552 | Lair:1   | Entered Level 1 of the Lair of Beasts
 11571 | Lair:1   | Found a labyrinth entrance.
 11578 | Lab      | Entered a labyrinth
 12133 | Lab      | Noticed a minotaur
 12137 | Lab      | Killed a minotaur
 12184 | Lab      | Got a black opal-studded ring mail
 12185 | Lab      | Identified the +4 ring mail "Ininikiett" {*Slow rElec rPois rC+} (You found it in a labyrinth)
 12339 | Lair:1   | Noticed a seven-headed hydra
 12505 | Lair:1   | Noticed Gastronok
 12591 | Lair:1   | Killed Gastronok
 12591 | Lair:1   | Reached skill level 13 in Unarmed Combat
 12591 | Lair:1   | Gained mutation: You sometimes gain power by taking damage. [demonic ancestry]
 12591 | Lair:1   | Reached XP level 12. HP: 93/93 MP: 11/13
 12622 | Lair:1   | Noticed Modermodemet's ghost (journeyman DsWn)
 12629 | Lair:1   | HP: 3/93 [Modermodemet's ghost (30)]
 12650 | Lair:2   | Slain by a crocodile

Vault maps used:
D:1:      dpeg_arrival_rooms_a, xom_teletrap_fun
D:2:      cheibrodos_helix_gallery, old_standard_altar, first_bread,
          uniq_crazy_yiuf_cottage
D:3:      old_standard_altar, portal_sewer_entry_d, led_sif_book, uniq_natasha
D:4:      nicolae_overflow_crystal_walls, minmay_temple_entry_overgrown,
          serial_shops, nicolae_shop_stone, chequers_big_river
D:5:      uniq_edmund, uniq_duvessa, uniq_menkaure
D:6:      serial_shops, shop_fountains
D:7:      lemuel_round_altar
D:8:      erik_lair_island
D:9:      grunt_temple_overflow_order_and_chaos_1,
          ashenzari_conservatory_becter, special_room, blue_anna_alchemist,
          kennysheep_generic_room_9, uniq_erica
D:10:     orc_0_dummy, kb_rosetta
Lair:1:   lab_entry_generic, minmay_lair_oklob_chamber, grunt_megastairs_5,
          uniq_gastronok

Skill      XL: |  1  2  3  4  5  6  7  8  9 10 11 |
---------------+----------------------------------+-----
Axes           | 3 |  3.3
Armour         | 2 3 4 6 |  6.4
Unarmed Combat | 1 3 5 7 9 11 12 13 | 13.1
Shields        | 1 4 5 |  5.0
Fighting       | 4 6 8 |  8.2
Throwing       | 3 5 |  5.4
Evocations     | 2 |  2.3
Dodging        | |  1.7

Action                   |  1- 3 |  4- 6 |  7- 9 | 10-12 || total
-------------------------+-------+-------+-------+-------++-------
Melee: Hand axe          |   119 |   188 |       |       ||   307
       Punch             |       |     7 |    11 |       ||    18
       Whip              |       |    84 |   186 |       ||   270
       Kick              |       |       |    88 |   105 ||   193
       Unarmed           |       |       |   122 |   356 ||   478
       Headbutt          |       |       |       |    73 ||    73
Invok: Berserk           |     2 |     5 |    10 |     5 ||    22
       Trog's Hand       |       |       |       |     3 ||     3
Evoke: Wand              |       |       |     2 |     3 ||     5
  Use: Scroll            |       |     6 |     8 |     8 ||    22
       Potion            |       |     1 |     7 |     7 ||    15
  Eat: Chunk             |     2 |     8 |    10 |    11 ||    31
       Bread ration      |     1 |     2 |     2 |     2 ||     7
       Fruit             |       |       |       |     2 ||     2
       Meat ration       |       |       |       |     1 ||     1
Armor: Animal skin       |     1 |       |       |       ||     1
       Ring mail         |    43 |       |       |       ||    43
       Scale mail        |     1 |    32 |       |       ||    33
       Chain mail        |       |     2 |       |       ||     2
       Swamp dragon scal |       |   115 |   113 |    94 ||   322
       Plate armour      |       |       |    12 |    62 ||    74
Dodge: Dodged            |    75 |   169 |   126 |   121 ||   491
Block: Buckler           |       |       |     8 |    66 ||    74
